 Dungeon Crawl Stone Soup version 0.30-a0-637-gacddeb6d44 (webtiles) character file.

Game seed: 1628332431472487983

133314 tilp the Myrmidon (level 18, 0/163 HPs)
             Began as a Meteoran Fighter on Jan 15, 2023.
             Was an Elder of Okawaru.
             Succumbed to a naga warrior's splash of poison
             ... on level 3 of the Snake Pit.
             The game lasted 01:00:02 (10595 turns).

tilp the Myrmidon (Meteoran Fighter)               Turns: 10595, Time: 01:00:02

Health: 0/163      AC: 32    Str: 28    XL:     18   Next: 35%
Magic:  28/30      EV: 19    Int: 11    God:    Okawaru [****..]
Gold:   216        SH: 16    Dex: 25    Spells: 17/17 levels left

rFire   + . .      SeeInvis .    b - +1 demon blade (flame)
rCold   . . .      Faith    +    M - +0 kite shield "Exuqo" {rN+ Dex+4}
rNeg    + . .      Spirit   .    t - +2 plate armour {rPois}
rPois   +          Reflect  .    D - +1 helmet
rElec   .          Harm     .    T - +2 cloak of Conscience {Str+3}
rCorr   +          Rampage  .    P - +0 pair of gloves
Will    +++..                    R - +1 pair of boots Stlth
                                 z - amulet of faith
HPRegen 0.47/turn                Q - ring of protection from fire
MPRegen 0.22/turn                U - ring "Nexoif" {Will+ rCorr Str+6}

@: lethally poisoned (0 -> -5), about to teleport, heroic, glowing, constricted,
studying 2 skills
A: sense surroundings 3, otherworldly, glowing, explore regen
a: Renounce Religion, Heroism, Finesse


You were on level 3 of the Snake Pit.
You worshipped Okawaru.
Okawaru was greatly pleased with you.
You visited 4 branches of the dungeon, and saw 21 of its levels.
You also visited: Ossuary and Volcano.

You collected 2532 gold pieces.
You spent 2316 gold pieces at shops.

Inventory:

Hand Weapons
 a - the +1 demon blade of Action {venom, Drain rC++ rN+ Will+}
   (You acquired it in an ossuary)

   rC:        It greatly protects you from cold.
   rN:        It protects you from negative energy.
   Drain:     It drains your maximum health when unequipped.
   Will:      It increases your willpower.
 b - a +1 demon blade of flaming (weapon)
Missiles
 g - 9 datura-tipped darts
 k - 16 poisoned darts (quivered)
 p - 3 atropa-tipped darts
 w - 11 javelins
 y - 2 curare-tipped darts
 G - 8 boomerangs
 K - 2 throwing nets {!f}
 L - 8 silver javelins
Armour
 c - a +4 scale mail of fire resistance
 o - a +1 chain mail of fire resistance
 t - a +2 plate armour of poison resistance (worn)
 D - a +1 helmet (worn)
 M - the +0 kite shield "Exuqo" (worn) {rN+ Dex+4}
   (Okawaru gifted it to you on level 4 of the Lair of Beasts)

   Dex:       It affects your dexterity (+4).
   rN:        It protects you from negative energy.
 P - a +0 pair of gloves (worn)
 R - a +1 pair of boots (worn)
 T - the +2 cloak of Conscience (worn) {Str+3}
   (You found it on level 1 of the Snake Pit)

   Str:       It affects your strength (+3).
Jewellery
 x - an amulet of magic regeneration
 z - an amulet of faith (around neck)
 O - an amulet of the acrobat
 Q - a ring of protection from fire (left hand)
 U - the ring "Nexoif" (right hand) {Will+ rCorr Str+6}
   (You bought it in a shop on level 2 of the Snake Pit)

   [ring of strength]

   Str:       It affects your strength (+6).
   rCorr:     It protects you from acid and corrosion.
   Will:      It increases your willpower.
 X - a ring of protection from cold
Wands
 h - a wand of mindburst (3)
 i - a wand of polymorph (2)
 l - a wand of digging (1)
 A - a wand of roots (7)
 B - a wand of quicksilver (20)
 F - a wand of flame (8)
Scrolls
 d - 2 scrolls of amnesia
 s - 2 scrolls of fog
 H - 7 scrolls of identify
 J - 2 scrolls of vulnerability
 N - a scroll of butterflies
 S - a scroll of poison
 V - a scroll of torment
 W - a scroll of magic mapping
Potions
 e - 4 potions of haste
 f - 5 potions of flight
 j - 2 potions of brilliance
 m - 10 potions of curing
 q - a potion of berserk rage
 r - 3 potions of might
 u - 9 potions of attraction
 v - 2 potions of lignification
 E - a potion of ambrosia
 I - 2 potions of heal wounds
Miscellaneous
 n - a phial of floods (inert)


   Skills:
 * Level 15.3(20.3) Fighting
 + Level 14.2(19.2) Long Blades
 + Level 10.2(15.2) Throwing
 + Level 15.3(20.3) Armour
 + Level 15.2(20.2) Dodging
 - Level 4.0(9.0) Stealth
 + Level 10.2(15.2) Shields
 + Level 15.4 Invocations
 - Level 10.0 Evocations


You had 17 spell levels left.
You didn't know any spells.
Your spell library was empty.

Dungeon Overview and Level Annotations

Branches:
Dungeon (11/15) Zot: 1599  Temple (1/1) D:7 Zot: 568    Lair (5/5) D:11 Zot: 354
 Shoals (0/4) Lair:3        Snake (4/4) Lair:2 Zot: 887   Slime (0/5) Lair:5
Ossuary (visited)         Volcano (visited)
    Orc: D:9-12

Altars:
Ashenzari
Cheibriados
Dithmenos
Fedhas
Gozag
Kikubaaqudgha
Makhleb
Nemelex Xobeh
Okawaru
Qazlal
Ru
Sif Muna
Trog
Vehumet
Yredelemnul
Zin
The Shining One

Shops:
D:1 [   D:8 :   Snake:2 =[   Snake:3 [

Annotations:
D:9 3 runed translucent doors
Lair:5 archydragon's ghost, journeyman MiGl
Snake:4 Vashnia


Innate Abilities, Weirdness & Mutations

You passively map a large area around you.
You are easily found by Zot.
You glow in the dark.
You regain HP and MP as you explore.


Message History

The naga shouts!
A guardian serpent comes into view.
A naga comes into view.
It is wielding a +0 trident of protection.
The guardian serpent shouts!
You hear a shout!
A naga warrior comes into view.
It is wielding a +0 war axe and wearing a +1 kite shield of resistance.
The naga warrior shouts!
An anaconda comes into view.
Found a scroll of identify.
The anaconda hisses angrily.
The naga warrior roars a battlecry!
The nagas go into a battle-frenzy!
The guardian serpent casts a spell at you.
The naga blinks!
The naga warrior blinks into view!
The naga blinks into view!
You barely miss the naga. The anaconda completely misses you.
The anaconda barely misses you.
The naga hits you with a +0 trident of protection!!
* * * LOW HITPOINT WARNING * * *
The naga grabs you. The naga constricts you.
* * * LOW HITPOINT WARNING * * *
You block the naga's attack.
The anaconda bites you but does no damage.
Unknown command.
As you read the scroll of teleportation, it crumbles to dust.
You feel strangely unstable. The anaconda bites you.
* * * LOW HITPOINT WARNING * * *
The naga warrior spits poison at you. The splash of poison hits you.
You are poisoned.
You resist.
* * * LOW HITPOINT WARNING * * *
You block the naga's attack.
The naga hits you with a +0 trident of protection!
* * * LOW HITPOINT WARNING * * *
The naga constricts you.
The naga hits you with a +0 battleaxe of distortion!
* * * LOW HITPOINT WARNING * * *
Space warps around you.
* * * LOW HITPOINT WARNING * * *
You gain the combat prowess of a mighty hero.
You die...

+.........# ,,.N. ,, **
#.........## * §..., , ,
......†....## ##.... ** ,
............## #.....? * ,
.............####...N... ,, ,
...##................... , ,
.. #...........S.......,, ,, .
#...........NN#+####* ** * ,
*#............N@#, , , , ,
.........##...SN# , , , ,
........##......# ,, , ,,, , +
................#, ,, *
,...............#, ,, ,
#######.......##############,,
* ***, ,
##........).)))....... *** ,
#.....<.))........... , ,
##....................


You could see a naga warrior (catching breath), an anaconda, a guardian serpent
and 3 nagas.

Vanquished Creatures
  2 nagarajas (Snake:4)
  A red draconian (Volcano)
  4 salamander tyrants
  Erolcha (D:11)
  3 hydras
  2 catoblepae
  A centaur warrior (Volcano)
  5 anacondas
  A merfolk avatar (Lair:5)
  5 two-headed ogres
  9 death yaks
  10 naga warriors
  3 shock serpents
  4 naga sharpshooters
  3 salamander mystics (Snake:4)
  Lodul (D:11)
  A lindwurm (Lair:3)
  Pikel (D:6)
  5 naga ritualists
  A harpy (Lair:5)
  9 mana vipers
  10 salamanders
  5 manticores
  A cyclops (D:11)
  28 elephants
  7 naga magi
  A torpor snail (Lair:2)
  25 black mambas
  3 guardian serpents
  A gargoyle (Volcano)
  13 cane toads
  A molten gargoyle (Volcano)
  Maggie (D:9)
  Psyche (D:11)
  4 rime drakes
  9 komodo dragons
  A yaktaur (Volcano)
  A kobold demonologist (D:9)
  A troll (D:11)
  8 polar bears
  A wind drake (Lair:5)
  A hornet (D:9)
  Grinder (D:3)
  18 blink frogs
  2 shadows (D:11)
  39 yaks
  2 vampires
  2 hogs (D:9)
  2 fire bats (Volcano)
  10 wyverns
  3 wraiths (D:11)
  Grum (D:8)
  3 basilisks
  25 nagas
  2 steam dragons
  Menkaure (D:6)
  3 acid dragons
  8 water moccasins
  An ice beast (D:7)
  5 orc warriors
  9 black bears
  3 sky beasts
  8 ogres
  39 wolves
  7 centaurs
  2 kobold brigands
  2 lemures (D:7)
  A necrophage (D:7)
  2 gnoll sergeants
  12 bullfrogs
  A scorpion (D:5)
  8 wights
  4 howler monkeys
  4 lava snakes (Volcano)
  2 hounds (D:9)
  A jelly (D:6)
  6 orc priests
  2 gnoll boudas
  Natasha (thrice) (D:3)
  5 orc wizards
  8 mummies (Ossuary)
  15 gnolls
  3 adders
  2 white imps (D:7)
  An ufetubus (D:6)
  A worm (D:4)
  2 dart slugs
  29 orcs
  4 bats
  7 endoplasms
  2 giant cockroaches (D:3)
  6 hobgoblins
  10 kobolds
  5 quokkas
  11 ball pythons
  2 frilled lizards (D:1)
  4 goblins
  4 hobgoblin zombies (Ossuary)
  A kobold zombie (Ossuary)
  3 orc zombies (Ossuary)
564 creatures vanquished.

Vanquished Creatures (others)
  19 fungi
  28 plants
  13 toadstools (Lair:3)
60 creatures vanquished.

Grand Total: 624 creatures vanquished

Notes
Turn   | Place    | Note
-------+----------+-------------------------------------------
     0 | D:1      | tilp the Meteoran Fighter began the quest for the Orb.
     0 | D:1      | Reached XP level 1. HP: 19/19 MP: 2/2
    90 | D:1      | Reached XP level 2. HP: 17/26 MP: 3/3
    93 | D:1      | Reached skill level 1 in Dodging
    98 | D:1      | You fall into a shaft and drop 1 floor!
   176 | D:1      | Found Xubrud's Armour Emporium.
   291 | D:1      | Reached XP level 3. HP: 13/31 MP: 4/4
   616 | D:2      | Reached XP level 4. HP: 30/39 MP: 5/5
   780 | D:3      | Reached skill level 1 in Stealth
   780 | D:3      | Reached XP level 5. HP: 38/46 MP: 6/6
   811 | D:3      | Found a glowing golden altar of the Shining One.
   873 | D:3      | Noticed Natasha
   883 | D:3      | Killed Natasha
  1060 | D:3      | Found a burning altar of Makhleb.
  1061 | D:3      | Noticed Grinder
  1086 | D:3      | Noticed Natasha
  1099 | D:3      | Killed Natasha
  1172 | D:3      | Noticed Natasha
  1180 | D:3      | Killed Natasha
  1181 | D:3      | Reached XP level 6. HP: 14/52 MP: 7/7
  1252 | D:4      | Noticed a wyvern
  1264 | D:4      | Killed a wyvern
  1265 | D:4      | Reached XP level 7. HP: 8/59 MP: 8/8
  1385 | D:4      | Found a sparkling altar of Nemelex Xobeh.
  1446 | D:4      | Reached skill level 1 in Throwing
  1456 | D:4      | Reached skill level 1 in Evocations
  1509 | D:5      | Entered Level 5 of the Dungeon
  1536 | D:5      | Found a radiant altar of Vehumet.
  1570 | D:5      | Identified a scroll of acquirement
  1570 | D:5      | Acquired 1219 gold pieces
  1594 | D:5      | Noticed a water moccasin
  1604 | D:5      | Killed a water moccasin
  1624 | D:5      | Found a sand-covered staircase.
  1629 | Ossuary  | Entered an ossuary
  1675 | Ossuary  | Reached XP level 8. HP: 64/67 MP: 9/9
  1736 | Ossuary  | Reached skill level 5 in Long Blades
  1736 | Ossuary  | Reached skill level 5 in Dodging
  1866 | Ossuary  | Acquired the +1 demon blade of Action {venom, Drain rC++
                  | rN+ Will+}
  1968 | D:3      | Killed Grinder
  2049 | D:1      | Bought a +2 plate armour of poison resistance for 518 gold
                  | pieces
  2185 | D:5      | Found a snail-covered altar of Cheibriados.
  2198 | D:5      | Reached skill level 5 in Fighting
  2208 | D:5      | Reached skill level 5 in Armour
  2234 | D:5      | Gained mutation: You passively map the area around you.
                  | [Meteoran growth]
  2234 | D:5      | Reached XP level 9. HP: 15/74 MP: 10/10
  2235 | D:5      | HP: 3/74 [orc priest/+1 vampiric trident (6)]
  2474 | D:6      | Noticed Menkaure
  2477 | D:6      | Killed Menkaure
  2482 | D:6      | Noticed Pikel
  2528 | D:6      | Killed Pikel
  2529 | D:6      | Reached XP level 10. HP: 40/83 MP: 11/11
  2662 | D:7      | Found a glowing silver altar of Zin.
  2674 | D:7      | Found a broken altar of Ashenzari.
  2749 | D:7      | Found a staircase to the Ecumenical Temple.
  2756 | Temple   | Entered the Ecumenical Temple
  2774 | Temple   | Became a worshipper of Warmaster Okawaru
  2827 | D:8      | Found Mekh's Self-Improvement Boutique.
  2859 | D:8      | Bought a manual of Invocations for 1040 gold pieces
  2889 | D:8      | Found a basalt altar of Yredelemnul.
  2896 | D:8      | Noticed a two-headed ogre
  2914 | D:8      | HP: 4/83 [orc wizard/+0 dagger (1)]
  2919 | D:8      | Found a shadowy altar of Dithmenos.
  2989 | D:8      | Noticed Grum
  3001 | D:7      | Reached skill level 1 in Invocations
  3175 | D:8      | Reached * piety under Okawaru
  3227 | D:8      | Killed Grum
  3377 | D:9      | Reached skill level 5 in Shields
  3536 | D:9      | Found a runed translucent gate.
  3536 | D:9      | Found a runed translucent gate.
  3536 | D:9      | Found a runed translucent gate.
  3536 | D:9      | Noticed a green ugly thing
  3536 | D:9      | Noticed a cyan ugly thing
  3572 | D:9      | Found a bloodstained altar of Trog.
  3621 | D:9      | Noticed a cyan ugly thing
  3664 | D:9      | Noticed a two-headed ogre
  3671 | D:9      | Noticed a kobold demonologist
  3673 | D:9      | Killed a two-headed ogre
  3673 | D:9      | Reached ** piety under Okawaru
  3674 | D:9      | Reached XP level 11. HP: 51/91 MP: 11/14
  3747 | D:9      | Noticed Maggie
  3779 | D:9      | Killed Maggie
  3780 | D:9      | Reached skill level 10 in Long Blades
  3780 | D:9      | Reached skill level 5 in Invocations
  3840 | D:9      | Found a huge runed translucent gate.
  3841 | D:9      | Found a huge runed translucent gate.
  3841 | D:9      | Found a huge runed translucent gate.
  3841 | D:9      | Noticed a manticore
  3841 | D:9      | Noticed a manticore
  3910 | D:9      | Noticed a two-headed ogre
  3919 | D:9      | Killed a two-headed ogre
  3941 | D:9      | Noticed a purple ugly thing
  3999 | D:9      | Found a huge runed translucent gate.
  4106 | D:9      | Reached *** piety under Okawaru
  4140 | D:9      | Killed a manticore
  4156 | D:9      | Reached **** piety under Okawaru
  4170 | D:9      | Received a gift from Okawaru
  4194 | D:9      | Killed a manticore
  4194 | D:9      | Received a gift from Okawaru
  4216 | D:9      | Reached XP level 12. HP: 25/101 MP: 18/18
  4310 | D:10     | Entered Level 10 of the Dungeon
  4310 | D:10     | Noticed a two-headed ogre
  4318 | D:10     | Killed a two-headed ogre
  4331 | D:10     | Reached skill level 10 in Dodging
  4367 | D:10     | Noticed a two-headed ogre
  4386 | D:10     | Killed a two-headed ogre
  4466 | D:10     | Reached ***** piety under Okawaru
  4584 | D:10     | Found a sacrificial altar of Ru.
  4810 | D:11     | Noticed Lodul
  4824 | D:11     | Killed Lodul
  4824 | D:11     | Received a gift from Okawaru
  4825 | D:11     | Reached skill level 5 in Evocations
  4994 | D:11     | Found a staircase to the Lair.
  5015 | D:11     | Noticed Psyche
  5015 | D:11     | Noticed a two-headed ogre
  5031 | D:11     | Killed Psyche
  5038 | D:11     | Killed a two-headed ogre
  5039 | D:11     | Reached skill level 5 in Throwing
  5199 | D:11     | Noticed Erolcha
  5218 | D:11     | Killed Erolcha
  5219 | D:11     | Reached XP level 13. HP: 51/111 MP: 21/21
  5350 | Lair:1   | Entered Level 1 of the Lair of Beasts
  5419 | Lair:1   | Received a gift from Okawaru
  5478 | Lair:1   | Reached skill level 10 in Invocations
  5640 | Lair:1   | Acquired a manual of Armour
  5712 | Lair:2   | Identified the +10 quick blade "Uvaqaemm" {heavy, rF+ Str-4
                  | Dex+5} (Okawaru gifted it to you on level 2 of the Lair of
                  | Beasts)
  5712 | Lair:2   | Received a gift from Okawaru
  5715 | Lair:2   | Reached ****** piety under Okawaru
  5792 | Lair:2   | Reached skill level 10 in Fighting
  5852 | Lair:2   | Identified the +6 falchion of Dissolution {freeze, rPois
                  | Stlth+}
  5863 | Lair:2   | Identified the +3 robe of Mumblety Peg {rF- rN+++ Str+8
                  | Dex-4}
  6105 | Lair:2   | Received a gift from Okawaru
  6181 | Lair:2   | Noticed a catoblepas
  6207 | Lair:2   | Killed a catoblepas
  6207 | Lair:2   | Received a gift from Okawaru
  6260 | Lair:2   | Found a staircase to the Snake Pit.
  6486 | Lair:3   | Noticed a five-headed hydra
  6499 | Lair:3   | Killed a one-headed hydra
  6616 | Lair:3   | Noticed a catoblepas
  6631 | Lair:3   | Killed a catoblepas
  6632 | Lair:3   | Reached XP level 14. HP: 69/114 MP: 20/24
  6683 | Lair:3   | Reached skill level 10 in Armour
  6728 | Lair:3   | Received a gift from Okawaru
  7130 | Lair:4   | Received a gift from Okawaru
  7224 | Lair:4   | Received a gift from Okawaru
  7255 | Lair:4   | Identified the +0 kite shield "Exuqo" {rN+ Dex+4} (Okawaru
                  | gifted it to you on level 4 of the Lair of Beasts)
  7255 | Lair:4   | Received a gift from Okawaru
  7315 | Lair:4   | Found a dark tunnel.
  7335 | Volcano  | Entered a volcano
  7508 | Volcano  | Found a burning altar of Makhleb.
  7593 | Volcano  | Noticed a red draconian
  7609 | Volcano  | Killed a red draconian
  7751 | Lair:5   | Entered Level 5 of the Lair of Beasts
  7790 | Lair:5   | Reached XP level 15. HP: 92/134 MP: 25/25
  7807 | Arena    | Entered the Arena
  7945 | Lair:5   | Found a staircase to the Slime Pits.
  7966 | Lair:5   | Noticed archydragon's ghost (journeyman MiGl)
  8134 | Lair:5   | Received a gift from Okawaru
  8171 | Lair:5   | Received a gift from Okawaru
  8209 | Lair:5   | Received a gift from Okawaru
  8279 | Lair:5   | Received a gift from Okawaru
  8427 | Lair:5   | Received a gift from Okawaru
  8463 | Lair:5   | Received a gift from Okawaru
  8480 | Lair:5   | Identified the +3 long sword "Sixary" {venom, rPois rF+
                  | rC++}
  8485 | Lair:5   | Identified the +0 morningstar of Instant Death {drain,
                  | Str+8 Int+4}
  8717 | Snake:1  | Entered Level 1 of the Snake Pit
  8727 | Snake:1  | Reached XP level 16. HP: 115/144 MP: 27/27
  8832 | Snake:1  | Received a gift from Okawaru
  8863 | Arena    | Entered the Arena
  8998 | Snake:1  | HP: 3/144 [salamander/+4 glaive of freezing (12)]
  8998 | Snake:1  | HP: 1/144 [salamander/+4 glaive of freezing (2)]
  9029 | Arena    | Entered the Arena
  9113 | Snake:1  | Identified the +2 cloak of Conscience {Str+3}
  9199 | Arena    | Entered the Arena
  9236 | Snake:1  | Reached skill level 10 in Throwing
  9332 | Snake:2  | Received a gift from Okawaru
  9380 | Snake:2  | Found Tuso's Jewellery Emporium.
  9385 | Snake:2  | Found Yprekih's Antique Armour Emporium.
  9399 | Snake:2  | Bought the ring "Nexoif" {Will+ rCorr Str+6} for 758 gold
                  | pieces
  9455 | Snake:3  | Found a basalt altar of Yredelemnul.
  9470 | Snake:3  | Reached skill level 10 in Evocations
  9520 | Snake:3  | Reached skill level 15 in Invocations
  9576 | Snake:4  | Entered Level 4 of the Snake Pit
  9578 | Snake:4  | Reached skill level 15 in Dodging
  9578 | Snake:4  | Reached XP level 17. HP: 154/154 MP: 29/29
  9586 | Snake:4  | Reached skill level 15 in Armour
  9717 | Snake:3  | Found Goifan's Armour Emporium.
  9744 | Snake:4  | Noticed a nagaraja
  9757 | Snake:4  | Killed a nagaraja
  9773 | Snake:4  | Received a gift from Okawaru
  9774 | Snake:4  | Reached skill level 15 in Fighting
  9813 | Snake:4  | Gained mutation: You passively map a large area around you.
                  | [Meteoran growth]
  9813 | Snake:4  | Reached XP level 18. HP: 154/163 MP: 30/30
 10006 | Snake:4  | Reached skill level 10 in Shields
 10091 | Snake:4  | Received a gift from Okawaru
 10113 | Arena    | Entered the Arena
 10336 | Snake:4  | Noticed Vashnia
 10433 | Snake:4  | Received a gift from Okawaru
 10564 | Snake:4  | HP: 5/163 [nagaraja/bolt of poison (12)]
 10594 | Snake:3  | HP: 8/163 [naga/+0 battleaxe of distortion (10)]
 10594 | Snake:3  | HP: 2/163 [naga/+0 battleaxe of distortion (6)]
 10595 | Snake:3  | Succumbed to a naga warrior's splash of poison

Illustrated notes

Levels and vault maps discovered:
D:1:      sevenhm_arrival_forest_fort_large_2, layout_basic, serial_shops,
          nicolae_square_shop
D:2:      layout_loops_ring, minmay_misc_feat_rugged, hangedman_decor_lopped
D:3:      layout_rooms, mainiacjoe_overflow_24_doors, bloody_makhleb,
          uniq_grinder, uniq_natasha
D:4:      layout_gridville, kennysheep_mini_moat
D:5:      layout_rooms, mainiacjoe_overflow_tiny_flanked, lemuel_round_altar,
          enter_ossuary_5, kennysheep_generic_room_4
D:6:      layout_cave_pools, uniq_pikel, uniq_menkaure
D:7:      nicolae_cairo_tiling_large, layout_rooms, old_standard_altar,
          overflow_temple_1_default, minmay_temple_entry_enclosed_plants,
          kennysheep_generic_room_10
D:8:      layout_basic, nicolae_overflow_squiral, nicolae_shop_self_help,
          uniq_grum
D:9:      lemuel_bear_cage, layout_long_grid, lightli_temple_of_fire,
          ploomutoo_gammafunk_ghost_potion_laboratory, wad_dig_loot, uniq_maggie
D:10:     layout_cave_pools, kennysheep_mini, kennysheep_generic_room_13
D:11:     layout_irregular_city, lair_entry_dummy, uniq_psyche, uniq_lodul,
          uniq_erolcha
Temple:   chequers_temple_sunken
Lair:1:   layout_regular_city, st_stairs_11
Lair:2:   layout_regular_city, nicolae_snake_entry_squirm, lemuel_fruit_tree
Lair:3:   gammafunk_lair_enchanted_lake, layout_cave_shapes,
          minmay_shoals_entry_hut
Lair:4:   layout_layer_cave, lightli_volcano_entry_magma_tube,
          serial_bayou_shore_b, grunt_megastairs_1
Lair:5:   gammafunk_lair_ancient_temple, layout_gridlike,
          dpeg_slime_entry_corner, gammafunk_ghost_wrathful_warriors,
          nicolae_lair_lil_pond, minmay_lair_oklob_items, st_stairs_12,
          grunt_forest_large_clearings
Snake:1:  layout_gridlike, grunt_ministairs_10, grunt_megastairs_3
Snake:2:  layout_layer_cave, st_stairs_12, nicolae_snake_springs,
          grunt_megastairs_2, minmay_shop_star
Snake:3:  layout_cave_town, basic_altar, nicolae_take_the_stairs
Snake:4:  snake_pit, layout_cave_town, nicolae_snake_flat_spine, uniq_vashnia

Skill      XL: |  1  2  3  4  5  6  7  8  9 10 11 12 13 14 15 16 17 18 |
---------------+-------------------------------------------------------+-----
Dodging        | 1 2 3 4 6 8 9 10 11 12 13 15 | 15.2
Armour         | 4 5 6 7 8 9 12 13 14 15 | 15.3
Long Blades    | 3 4 6 8 9 11 12 13 14 | 14.2
Stealth        | 1 2 4 |  4.0
Shields        | 4 5 6 7 8 9 10 | 10.2
Fighting       | 4 5 6 7 9 11 12 13 14 15 | 15.3
Throwing       | 1 2 4 5 6 7 9 10 | 10.2
Evocations     | 1 2 3 4 6 8 9 10 | 10.0
Invocations    | 3 7 9 12 13 15 | 15.4

Action                   |  1- 3 |  4- 6 |  7- 9 | 10-12 | 13-15 | 16-18 || total
-------------------------+-------+-------+-------+-------+-------+-------++-------
Melee: Long sword        |    74 |    74 |   122 |       |       |       ||   270
       Demon blade       |       |       |   132 |   549 |  1144 |   705 ||  2530
Throw: Stone             |       |     3 |       |       |       |       ||     3
       Dart              |       |       |       |    22 |     6 |     2 ||    30
Invok: Heroism           |       |       |       |    11 |    24 |    17 ||    52
       Finesse           |       |       |       |       |     3 |     2 ||     5
       Duel              |       |       |       |       |     1 |     4 ||     5
Evoke: Wand              |       |       |       |     1 |     5 |     1 ||     7
       Phial of floods   |       |       |       |       |     1 |     1 ||     2
  Use: Scroll            |     2 |     2 |     9 |    13 |     4 |     6 ||    36
       Potion            |       |     2 |     7 |     1 |     1 |     8 ||    19
Armor: Chain mail        |    36 |    43 |    72 |       |       |       ||   151
       Scale mail        |     1 |       |       |       |   135 |     8 ||   144
       Skin              |       |       |    16 |       |       |       ||    16
       Plate armour      |       |       |    99 |   223 |   284 |   250 ||   856
       Ring mail         |       |       |       |       |    13 |       ||    13
Dodge: Dodged            |     9 |    26 |    99 |   149 |   567 |   360 ||  1210
Block: Buckler           |    27 |    22 |    77 |   141 |   162 |       ||   429
       Kite shield       |       |       |       |       |   350 |   522 ||   872

Table legend: (Time is in decaauts)
 A = Elapsed time spent in this place.
 B = Non-inter-level travel time spent in this place.
 C = Inter-level travel time spent in this place.
 D = Time resting spent in this place.
 E = Time spent auto-exploring this place.
 F = Levels seen in this place.
 G = Mean time per level.
                   A        B        C        D        E       F      G
               +--------+--------+--------+--------+--------+-----+--------+
         Total |   9879 |   8682 |   1197 |    105 |     19 |  28 |  352.8 |
       Dungeon |   5000 |   4214 |    786 |      5 |     19 |  11 |  454.5 |
        Temple |     31 |     20 |     11 |      0 |      0 |   1 |   31.0 |
          Lair |   2645 |   2326 |    319 |     22 |      0 |   5 |  529.0 |
     Snake Pit |   1513 |   1433 |     80 |      4 |      0 |   4 |  378.2 |
       Ossuary |    271 |    271 |      0 |     20 |      0 |   1 |  271.0 |
       Volcano |    307 |    307 |      0 |      0 |      0 |   1 |  307.0 |
         Arena |    110 |    110 |      0 |     54 |      0 |   5 |   22.0 |
               +--------+--------+--------+--------+--------+-----+--------+

Top non-repeatable levels by time:
     D:9: 898 daAuts
 Snake:4: 778 daAuts
  Lair:2: 748 daAuts
    D:11: 642 daAuts
  Lair:5: 599 daAuts
     D:3: 572 daAuts
  Lair:3: 478 daAuts
  Lair:4: 474 daAuts
     D:8: 472 daAuts
     D:2: 471 daAuts
     D:1: 443 daAuts
 Snake:1: 421 daAuts
     D:7: 369 daAuts
     D:5: 355 daAuts
  Lair:1: 344 daAuts
